Map: [ESL] Moondance

Players

Elazer

  • Race: Zerg Zerg
  • Spawn Location: 6:00

herO - Winner!

  • Race: Protoss Protoss
  • Spawn Location: 12:00

Event: DreamHack SC2 Masters 2022 Atlanta (Offline)

VOD

Have the link to the VOD?

Description

Time

  • Played on: Nov. 19, 2022, 12:30 p.m.
  • Length: 12:20

All games in this series

Show
View Real Time Build Order
Export as new Build Order

Elazer Zerg 

Build Orders: Hatch First 

Get SALT Encoding   

  12  0:00  Drone  
  13  0:12  Overlord  
  13  0:17  Drone  
  14  0:30  Drone x2  
  16  0:49  Hatchery  
  15  0:50  Drone  
  15  0:54  Drone  
  17  0:57  Drone  
  18  1:07  Extractor  
  17  1:13  Spawning Pool  
  17  1:16  Drone  
  17  1:20  Drone  
  18  1:29  Drone  
  19  1:39  Drone  
  20  1:49  Overlord  
  20  2:00  Queen  
  22  2:01  Queen  
  22  2:02  Drone x2  
  26  2:10  Drone  
  26  2:12  Drone  
  26  2:14  Metabolic Boost  
  28  2:22  Drone x2  
  30  2:32  Drone  
  30  2:33  Drone  
  30  2:37  Queen  
  32  2:43  Overlord  
  34  2:52  Hatchery  
  34  2:53  Zergling x2  
  34  2:56  Zergling x2  
  35  3:04  Zergling x2  
  36  3:06  Zergling x2, Queen  
  36  3:09  Zergling x2, Drone x2  
  42  3:15  Overlord  
  41  3:22  Drone  
  39  3:27  Drone  
  39  3:32  Drone  
  39  3:40  Drone x2  
  40  3:46  Queen x2  
  42  3:49  Drone  
  42  3:50  Drone x3  
  45  4:00  Drone  
  45  4:02  Drone x3  
  49  4:04  Drone  
  49  4:09  Spore Crawler  
  49  4:13  Spore Crawler  
  49  4:14  Drone x2  
  49  4:16  Drone x2  
  49  4:19  Drone x2  
  50  4:25  Drone x2  
  50  4:27  Drone  
  53  4:31  Drone  
  53  4:32  Drone x2  
  53  4:33  Drone  
  57  4:38  Overlord  
  57  4:43  Evolution Chamber  
  57  4:44  Drone  
  57  4:48  Overlord  
  57  4:55  Spore Crawler  
  57  4:56  Queen x2  
  57  4:58  Drone x3  
  62  5:00  Drone x2  
  62  5:03  Drone  
  62  5:06  Drone x3  
  68  5:09  Overlord  
  68  5:11  Drone x2  
  66  5:15  Zerg Melee Weapons Level 1  
  66  5:16  Drone  
  66  5:17  Drone  
  66  5:18  Drone  
  66  5:20  Drone  
  70  5:23  Drone x2  
  70  5:26  Drone x2  
  73  5:30  Drone x3  
  73  5:31  Drone  
  73  5:34  Drone x2  
  79  5:44  Extractor  
  79  5:45  Lair  
  79  5:46  Extractor x2  
  79  5:48  Drone x2  
  76  5:50  Hatchery  
  76  5:52  Drone x3  
  76  5:53  Drone  
  76  5:54  Drone  
  76  5:56  Drone x2  
  81  5:59  Overlord  
  81  6:00  Overlord  
  81  6:02  Overlord  
  81  6:07  Roach Warren  
  80  6:12  Zergling x2  
  80  6:17  Overlord  
  80  6:18  Zergling x16  
  84  6:19  Overlord  
  89  6:27  Baneling Nest  
  89  6:30  Zergling x2  
  89  6:31  Zergling x10  
  94  6:42  Zergling x18  
  94  6:46  Glial Reconstitution  
  102  6:50  Hatchery  
  102  6:51  Zergling x4  
  103  6:56  Zergling x8  
  104  7:04  Drone x3  
  104  7:09  Drone x3  
  104  7:10  Drone x4  
  104  7:11  Centrifugal Hooks  
  104  7:14  Drone  
  112  7:16  Zerg Melee Weapons Level 2  
  112  7:19  Drone x2  
  112  7:20  Drone  
  112  7:26  Overlord  
  112  7:27  Drone x5  
  115  7:32  Overlord  
  115  7:34  Drone  
  114  7:43  Roach x5  
  119  7:46  Overlord  
  119  7:47  Roach  
  121  7:53  Roach x5  
  128  8:00  Roach x2  
  128  8:01  Roach  
  134  8:06  Roach x2  
  134  8:09  Overlord  
  134  8:11  Roach  
  134  8:12  Roach x5  
  149  8:13  Overseer  
  149  8:21  Baneling x10  
  149  8:25  Overlord x2  
  149  8:31  Baneling x3  
  149  8:32  Baneling x7  
  147  8:35  Drone  
  147  8:36  Drone, Extractor  
  147  8:37  Drone, Overlord x2  
  149  8:44  Drone x13  
  160  8:50  Baneling x9  
  156  8:56  Baneling  
  156  8:57  Zergling x24  
  166  9:09  Zergling x18  
  153  9:18  Zergling x18  
  153  9:23  Zergling x8  
  159  9:31  Zergling x10  
  156  9:42  Roach x7  
  156  9:43  Zerg Missile Weapons Level 1  
  156  9:45  Baneling x8  
  169  9:48  Zergling x10  
  169  9:49  Zergling x2  
  171  9:55  Drone  
  171  9:56  Drone x3  
  173  10:00  Baneling  
  173  10:01  Drone x2  
  175  10:10  Zergling x14  
  175  10:11  Overlord x2  
  175  10:13  Baneling  
  175  10:14  Baneling x10  
  182  10:18  Baneling x13  
  181  10:26  Hatchery  
  180  10:28  Baneling x5  
  180  10:32  Zergling x32  
  164  10:42  Roach  
  164  10:43  Roach x6  
  164  10:49  Roach x4  
  161  10:55  Roach x4  
  151  11:03  Roach x4  
  153  11:06  Drone  
  153  11:07  Drone x3, Extractor  
  153  11:09  Drone x6  
  153  11:10  Overseer  
  162  11:12  Drone  
  162  11:13  Drone x7  
  162  11:16  Ravager  
  171  11:19  Zergling x4  
  173  11:27  Overlord  
  173  11:29  Zergling x14  
  180  11:33  Queen x3  
  180  11:34  Queen  
  180  11:36  Queen, Hatchery  
  180  11:38  Zergling x10  
  194  11:51  Baneling x8, Spire  
  194  11:52  Baneling x5  
  189  11:57  Spore Crawler  
  189  11:58  Spore Crawler x2  
  189  11:59  Baneling  
Show
View Real Time Build Order
Export as new Build Order

herO Protoss - Winner!

Build Orders: 1 Gate Expand, Oracle Opening, Zealot Archon 

Get SALT Encoding   

  12  0:00  Probe  
  13  0:12  Probe  
  14  0:17  Pylon  
  14  0:24  Probe (Chrono Boost)  
  16  0:37  Probe (Chrono Boost)  
  16  0:39  Gateway  
  16  0:43  Probe (Chrono Boost)  
  16  0:49  Assimilator  
  17  0:51  Probe  
  18  1:03  Probe  
  19  1:15  Probe  
  20  1:24  Nexus  
  20  1:35  Cybernetics Core  
  20  1:37  Probe  
  20  1:43  Assimilator  
  20  1:49  Probe  
  20  1:53  Pylon  
  22  2:01  Probe  
  22  2:08  Adept (Chrono Boost)  
  22  2:13  Probe  
  25  2:17  Stargate  
  25  2:23  Warp Gate  
  25  2:25  Probe  
  26  2:30  Adept (Chrono Boost)  
  26  2:36  Probe  
  29  2:37  Probe  
  30  2:48  Probe  
  30  2:49  Probe  
  32  2:51  Adept (Chrono Boost)  
  34  3:00  Oracle (Chrono Boost), Probe  
  34  3:01  Probe  
  39  3:09  Pylon  
  39  3:13  Probe  
  39  3:14  Probe  
  41  3:29  Oracle (Chrono Boost)  
  41  3:32  Probe  
  41  3:33  Probe  
  44  3:45  Probe x2  
  44  3:46  Gateway  
  46  3:53  Nexus  
  46  3:55  Pylon  
  46  3:59  Oracle (Chrono Boost)  
  49  4:05  Probe x2  
  51  4:17  Probe x2  
  50  4:21  Assimilator  
  50  4:22  Assimilator  
  50  4:23  Twilight Council  
  50  4:24  Forge  
  51  4:29  Probe x2  
  53  4:35  Adept  
  53  4:36  Pylon  
  55  4:42  Robotics Facility, Probe x2 (Chrono Boost)  
  57  4:51  Pylon  
  59  4:53  Probe x2 (Chrono Boost)  
  59  4:58  Probe x2 (Chrono Boost)  
  61  5:02  Protoss Ground Weapons Level 1  
  61  5:03  Charge  
  61  5:06  Probe (Chrono Boost)  
  62  5:08  Assimilator  
  62  5:14  Probe x2 (Chrono Boost)  
  64  5:17  Shield Battery, Probe (Chrono Boost)  
  64  5:20  Gateway  
  66  5:23  Probe x3 (Chrono Boost)  
  68  5:32  Probe, Gateway  
  68  5:33  Probe x2  
  68  5:34  Observer (Chrono Boost)  
  68  5:35  Gateway  
  72  5:38  Templar Archives  
  72  5:44  Robotics Bay  
  72  5:52  Warp Prism (Chrono Boost)  
  72  5:53  Probe  
  72  5:54  Pylon  
  72  5:55  Stalker  
  77  6:04  Gateway  
  77  6:05  Gateway  
  77  6:07  Gateway  
  77  6:12  Pylon  
  77  6:14  High Templar  
  77  6:15  High Templar  
  77  6:16  Pylon  
  77  6:18  Probe x3  
  83  6:22  Archon  
  84  6:28  Zealot x2  
  84  6:31  Observer (Chrono Boost), Pylon  
  89  6:39  Nexus  
  89  6:42  Pylon  
  89  6:43  High Templar  
  89  6:46  Pylon  
  91  6:47  High Templar  
  91  6:49  Disruptor (Chrono Boost), Zealot  
  91  6:52  Shield Battery, Archon  
  98  6:55  Probe x3  
  98  7:00  Blink  
  101  7:07  Probe x3  
  104  7:14  Zealot x4  
  104  7:15  Disruptor (Chrono Boost)  
  112  7:20  Probe  
  112  7:21  Probe x2  
  118  7:23  Protoss Ground Weapons Level 2 (Chrono Boost)  
  118  7:27  Assimilator  
  118  7:28  Assimilator  
  118  7:34  Pylon x2  
  118  7:35  Zealot  
  118  7:36  Zealot  
  118  7:47  Gateway  
  118  7:50  Zealot x3, Gateway, High Templar x2  
  118  7:51  Observer  
  128  7:54  Archon  
  128  8:03  Probe x3  
  128  8:04  Probe  
  128  8:05  Photon Cannon  
  132  8:09  Zealot, High Templar x2  
  132  8:10  Photon Cannon  
  132  8:12  Photon Cannon  
  138  8:13  Zealot, Archon  
  138  8:14  Zealot x2  
  144  8:22  Zealot x2  
  144  8:26  Disruptor  
  149  8:43  Nexus  
  149  8:45  Pylon  
  149  8:48  Pylon  
  149  8:54  Protoss Air Weapons Level 1  
  149  9:00  Fleet Beacon  
  149  9:04  Stargate  
  149  9:08  Stargate, Photon Cannon x2  
  149  9:10  Photon Cannon  
  149  9:13  Photon Cannon  
  149  9:15  Shield Battery  
  129  9:18  Shield Battery  
  129  9:21  Stalker x6  
  129  9:23  Zealot  
  131  9:32  Probe x4  
  135  9:47  Probe x4  
  139  9:59  Carrier (Chrono Boost)  
  139  10:00  Carrier (Chrono Boost)  
  139  10:04  Photon Cannon, Assimilator  
  139  10:05  Carrier (Chrono Boost), Assimilator  
  157  10:07  Shield Battery, Photon Cannon  
  157  10:09  Disruptor (Chrono Boost)  
  160  10:15  Photon Cannon  
  160  10:16  Photon Cannon  
  160  10:19  Zealot, High Templar x2  
  160  10:20  Photon Cannon  
  166  10:27  Zealot x3, Archon  
  166  10:28  Zealot x2  
  160  10:38  Disruptor (Chrono Boost)  
  132  10:47  Probe x4  
  111  10:57  Probe  
  111  10:59  Probe x3, High Templar  
  111  11:00  High Templar x2  
  111  11:01  Zealot x6, High Templar  
  135  11:04  Archon x2  
  135  11:08  Probe  
  135  11:09  Observer, Probe  
  135  11:11  Probe x2  
  139  11:14  Probe  
  140  11:20  Probe  
  140  11:22  Probe  
  140  11:23  Disruptor (Chrono Boost), Probe x2  
  140  11:24  Zealot x3, High Templar x2  
  154  11:27  Probe  
  154  11:28  Archon  
  154  11:32  Probe  
  159  11:34  Probe  
  159  11:35  Probe x2  
  159  11:39  Probe  
  163  11:44  Probe  
  164  11:53  Zealot x4, High Templar x2  
  164  11:54  Zealot x2  
  180  12:04  Archon  
  173  12:19  Stalker x8  
Tags
 
Add a new tag
Caveats
  • Supply blocks, unpowered buildings, or Contaminate may cause inaccurate times.
  • Supply counts are checked every 10 seconds.